Workbook

Sheet Movimientos
A1: Mes | B1: Día | C1: Tipo | D1: Categoría | E1: Concepto | F1: Importe
A2: 1 | B2: 1 | C2: Ingreso | D2: Nómina | E2: Nómina enero | F2: 2100
A3: 1 | B3: 3 | C3: Gasto | D3: Vivienda | E3: Alquiler | F3: 750
A4: 1 | B4: 5 | C4: Gasto | D4: Alimentación | E4: Supermercado | F4: 185
A5: 1 | B5: 9 | C5: Gasto | D5: Suministros | E5: Luz y agua | F5: 92
A6: 1 | B6: 12 | C6: Gasto | D6: Transporte | E6: Abono de transporte | F6: 40
A7: 1 | B7: 15 | C7: Gasto | D7: Ocio | E7: Cine y cena | F7: 48
A8: 1 | B8: 20 | C8: Gasto | D8: Salud | E8: Farmacia | F8: 22
A9: 1 | B9: 25 | C9: Gasto | D9: Alimentación | E9: Supermercado | F9: 160
A10: 2 | B10: 1 | C10: Ingreso | D10: Nómina | E10: Nómina febrero | F10: 2100
A11: 2 | B11: 2 | C11: Ingreso | D11: Otros ingresos | E11: Venta de segunda mano | F11: 60
A12: 2 | B12: 3 | C12: Gasto | D12: Vivienda | E12: Alquiler | F12: 750
A13: 2 | B13: 6 | C13: Gasto | D13: Alimentación | E13: Supermercado | F13: 172
... A24: 3 | B24: 24 | C24: Gasto | D24: Ocio | E24: Suscripciones y salidas | F24: 52

Sheet Resumen
A1: Categoría | B1: Presupuesto mensual | C1: Ene | D1: Feb | E1: Mar | F1: Abr | G1: May | H1: Jun | I1: Jul | J1: Ago | K1: Sep | L1: Oct | M1: Nov | N1: Dic | O1: Total año | P1: Presupuesto anual | Q1: Diferencia (presupuesto - gasto)
A2: Vivienda | B2: 750 | C2: =SUMIFS(Movimientos!$F$2:$F$500,Movimientos!$C$2:$C$500,"Gasto",Movimientos!$D$2:$D$500,$A2,Movimientos!$A$2:$A$500,1) | D2: =SUMIFS(Movimientos!$F$2:$F$500,Movimientos!$C$2:$C$500,"Gasto",Movimientos!$D$2:$D$500,$A2,Movimientos!$A$2:$A$500,2) | E2: =SUMIFS(Movimientos!$F$2:$F$500,Movimientos!$C$2:$C$500,"Gasto",Movimientos!$D$2:$D$500,$A2,Movimientos!$A$2:$A$500,3) | F2: =SUMIFS(Movimientos!$F$2:$F$500,Movimientos!$C$2:$C$500,"Gasto",Movimientos!$D$2:$D$500,$A2,Movimientos!$A$2:$A$500,4) | G2: =SUMIFS(Movimientos!$F$2:$F$500,Movimientos!$C$2:$C$500,"Gasto",Movimientos!$D$2:$D$500,$A2,Movimientos!$A$2:$A$500,5) | H2: =SUMIFS(Movimientos!$F$2:$F$500,Movimientos!$C$2:$C$500,"Gasto",Movimientos!$D$2:$D$500,$A2,Movimientos!$A$2:$A$500,6) | I2: =SUMIFS(Movimientos!$F$2:$F$500,Movimientos!$C$2:$C$500,"Gasto",Movimientos!$D$2:$D$500,$A2,Movimientos!$A$2:$A$500,7) | J2: =SUMIFS(Movimientos!$F$2:$F$500,Movimientos!$C$2:$C$500,"Gasto",Movimientos!$D$2:$D$500,$A2,Movimientos!$A$2:$A$500,8) | K2: =SUMIFS(Movimientos!$F$2:$F$500,Movimientos!$C$2:$C$500,"Gasto",Movimientos!$D$2:$D$500,$A2,Movimientos!$A$2:$A$500,9) | L2: =SUMIFS(Movimientos!$F$2:$F$500,Movimientos!$C$2:$C$500,"Gasto",Movimientos!$D$2:$D$500,$A2,Movimientos!$A$2:$A$500,10) | M2: =SUMIFS(Movimientos!$F$2:$F$500,Movimientos!$C$2:$C$500,"Gasto",Movimientos!$D$2:$D$500,$A2,Movimientos!$A$2:$A$500,11) | N2: =SUMIFS(Movimientos!$F$2:$F$500,Movimientos!$C$2:$C$500,"Gasto",Movimientos!$D$2:$D$500,$A2,Movimientos!$A$2:$A$500,12) | O2: =SUM(C2:N2) | P2: =B2*12 | Q2: =P2-O2
A3: Alimentación | B3: 380 | C3: =SUMIFS(Movimientos!$F$2:$F$500,Movimientos!$C$2:$C$500,"Gasto",Movimientos!$D$2:$D$500,$A3,Movimientos!$A$2:$A$500,1) | D3: =SUMIFS(Movimientos!$F$2:$F$500,Movimientos!$C$2:$C$500,"Gasto",Movimientos!$D$2:$D$500,$A3,Movimientos!$A$2:$A$500,2) | E3: =SUMIFS(Movimientos!$F$2:$F$500,Movimientos!$C$2:$C$500,"Gasto",Movimientos!$D$2:$D$500,$A3,Movimientos!$A$2:$A$500,3) | F3: =SUMIFS(Movimientos!$F$2:$F$500,Movimientos!$C$2:$C$500,"Gasto",Movimientos!$D$2:$D$500,$A3,Movimientos!$A$2:$A$500,4) | G3: =SUMIFS(Movimientos!$F$2:$F$500,Movimientos!$C$2:$C$500,"Gasto",Movimientos!$D$2:$D$500,$A3,Movimientos!$A$2:$A$500,5) | H3: =SUMIFS(Movimientos!$F$2:$F$500,Movimientos!$C$2:$C$500,"Gasto",Movimientos!$D$2:$D$500,$A3,Movimientos!$A$2:$A$500,6) | I3: =SUMIFS(Movimientos!$F$2:$F$500,Movimientos!$C$2:$C$500,"Gasto",Movimientos!$D$2:$D$500,$A3,Movimientos!$A$2:$A$500,7) | J3: =SUMIFS(Movimientos!$F$2:$F$500,Movimientos!$C$2:$C$500,"Gasto",Movimientos!$D$2:$D$500,$A3,Movimientos!$A$2:$A$500,8) | K3: =SUMIFS(Movimientos!$F$2:$F$500,Movimientos!$C$2:$C$500,"Gasto",Movimientos!$D$2:$D$500,$A3,Movimientos!$A$2:$A$500,9) | L3: =SUMIFS(Movimientos!$F$2:$F$500,Movimientos!$C$2:$C$500,"Gasto",Movimientos!$D$2:$D$500,$A3,Movimientos!$A$2:$A$500,10) | M3: =SUMIFS(Movimientos!$F$2:$F$500,Movimientos!$C$2:$C$500,"Gasto",Movimientos!$D$2:$D$500,$A3,Movimientos!$A$2:$A$500,11) | N3: =SUMIFS(Movimientos!$F$2:$F$500,Movimientos!$C$2:$C$500,"Gasto",Movimientos!$D$2:$D$500,$A3,Movimientos!$A$2:$A$500,12) | O3: =SUM(C3:N3) | P3: =B3*12 | Q3: =P3-O3
A4: Transporte | B4: 90 | C4: =SUMIFS(Movimientos!$F$2:$F$500,Movimientos!$C$2:$C$500,"Gasto",Movimientos!$D$2:$D$500,$A4,Movimientos!$A$2:$A$500,1) | D4: =SUMIFS(Movimientos!$F$2:$F$500,Movimientos!$C$2:$C$500,"Gasto",Movimientos!$D$2:$D$500,$A4,Movimientos!$A$2:$A$500,2) | E4: =SUMIFS(Movimientos!$F$2:$F$500,Movimientos!$C$2:$C$500,"Gasto",Movimientos!$D$2:$D$500,$A4,Movimientos!$A$2:$A$500,3) | F4: =SUMIFS(Movimientos!$F$2:$F$500,Movimientos!$C$2:$C$500,"Gasto",Movimientos!$D$2:$D$500,$A4,Movimientos!$A$2:$A$500,4) | G4: =SUMIFS(Movimientos!$F$2:$F$500,Movimientos!$C$2:$C$500,"Gasto",Movimientos!$D$2:$D$500,$A4,Movimientos!$A$2:$A$500,5) | H4: =SUMIFS(Movimientos!$F$2:$F$500,Movimientos!$C$2:$C$500,"Gasto",Movimientos!$D$2:$D$500,$A4,Movimientos!$A$2:$A$500,6) | I4: =SUMIFS(Movimientos!$F$2:$F$500,Movimientos!$C$2:$C$500,"Gasto",Movimientos!$D$2:$D$500,$A4,Movimientos!$A$2:$A$500,7) | J4: =SUMIFS(Movimientos!$F$2:$F$500,Movimientos!$C$2:$C$500,"Gasto",Movimientos!$D$2:$D$500,$A4,Movimientos!$A$2:$A$500,8) | K4: =SUMIFS(Movimientos!$F$2:$F$500,Movimientos!$C$2:$C$500,"Gasto",Movimientos!$D$2:$D$500,$A4,Movimientos!$A$2:$A$500,9) | L4: =SUMIFS(Movimientos!$F$2:$F$500,Movimientos!$C$2:$C$500,"Gasto",Movimientos!$D$2:$D$500,$A4,Movimientos!$A$2:$A$500,10) | M4: =SUMIFS(Movimientos!$F$2:$F$500,Movimientos!$C$2:$C$500,"Gasto",Movimientos!$D$2:$D$500,$A4,Movimientos!$A$2:$A$500,11) | N4: =SUMIFS(Movimientos!$F$2:$F$500,Movimientos!$C$2:$C$500,"Gasto",Movimientos!$D$2:$D$500,$A4,Movimientos!$A$2:$A$500,12) | O4: =SUM(C4:N4) | P4: =B4*12 | Q4: =P4-O4
A5: Suministros | B5: 150 | C5: =SUMIFS(Movimientos!$F$2:$F$500,Movimientos!$C$2:$C$500,"Gasto",Movimientos!$D$2:$D$500,$A5,Movimientos!$A$2:$A$500,1) | D5: =SUMIFS(Movimientos!$F$2:$F$500,Movimientos!$C$2:$C$500,"Gasto",Movimientos!$D$2:$D$500,$A5,Movimientos!$A$2:$A$500,2) | E5: =SUMIFS(Movimientos!$F$2:$F$500,Movimientos!$C$2:$C$500,"Gasto",Movimientos!$D$2:$D$500,$A5,Movimientos!$A$2:$A$500,3) | F5: =SUMIFS(Movimientos!$F$2:$F$500,Movimientos!$C$2:$C$500,"Gasto",Movimientos!$D$2:$D$500,$A5,Movimientos!$A$2:$A$500,4) | G5: =SUMIFS(Movimientos!$F$2:$F$500,Movimientos!$C$2:$C$500,"Gasto",Movimientos!$D$2:$D$500,$A5,Movimientos!$A$2:$A$500,5) | H5: =SUMIFS(Movimientos!$F$2:$F$500,Movimientos!$C$2:$C$500,"Gasto",Movimientos!$D$2:$D$500,$A5,Movimientos!$A$2:$A$500,6) | I5: =SUMIFS(Movimientos!$F$2:$F$500,Movimientos!$C$2:$C$500,"Gasto",Movimientos!$D$2:$D$500,$A5,Movimientos!$A$2:$A$500,7) | J5: =SUMIFS(Movimientos!$F$2:$F$500,Movimientos!$C$2:$C$500,"Gasto",Movimientos!$D$2:$D$500,$A5,Movimientos!$A$2:$A$500,8) | K5: =SUMIFS(Movimientos!$F$2:$F$500,Movimientos!$C$2:$C$500,"Gasto",Movimientos!$D$2:$D$500,$A5,Movimientos!$A$2:$A$500,9) | L5: =SUMIFS(Movimientos!$F$2:$F$500,Movimientos!$C$2:$C$500,"Gasto",Movimientos!$D$2:$D$500,$A5,Movimientos!$A$2:$A$500,10) | M5: =SUMIFS(Movimientos!$F$2:$F$500,Movimientos!$C$2:$C$500,"Gasto",Movimientos!$D$2:$D$500,$A5,Movimientos!$A$2:$A$500,11) | N5: =SUMIFS(Movimientos!$F$2:$F$500,Movimientos!$C$2:$C$500,"Gasto",Movimientos!$D$2:$D$500,$A5,Movimientos!$A$2:$A$500,12) | O5: =SUM(C5:N5) | P5: =B5*12 | Q5: =P5-O5
A6: Salud | B6: 50 | C6: =SUMIFS(Movimientos!$F$2:$F$500,Movimientos!$C$2:$C$500,"Gasto",Movimientos!$D$2:$D$500,$A6,Movimientos!$A$2:$A$500,1) | D6: =SUMIFS(Movimientos!$F$2:$F$500,Movimientos!$C$2:$C$500,"Gasto",Movimientos!$D$2:$D$500,$A6,Movimientos!$A$2:$A$500,2) | E6: =SUMIFS(Movimientos!$F$2:$F$500,Movimientos!$C$2:$C$500,"Gasto",Movimientos!$D$2:$D$500,$A6,Movimientos!$A$2:$A$500,3) | F6: =SUMIFS(Movimientos!$F$2:$F$500,Movimientos!$C$2:$C$500,"Gasto",Movimientos!$D$2:$D$500,$A6,Movimientos!$A$2:$A$500,4) | G6: =SUMIFS(Movimientos!$F$2:$F$500,Movimientos!$C$2:$C$500,"Gasto",Movimientos!$D$2:$D$500,$A6,Movimientos!$A$2:$A$500,5) | H6: =SUMIFS(Movimientos!$F$2:$F$500,Movimientos!$C$2:$C$500,"Gasto",Movimientos!$D$2:$D$500,$A6,Movimientos!$A$2:$A$500,6) | I6: =SUMIFS(Movimientos!$F$2:$F$500,Movimientos!$C$2:$C$500,"Gasto",Movimientos!$D$2:$D$500,$A6,Movimientos!$A$2:$A$500,7) | J6: =SUMIFS(Movimientos!$F$2:$F$500,Movimientos!$C$2:$C$500,"Gasto",Movimientos!$D$2:$D$500,$A6,Movimientos!$A$2:$A$500,8) | K6: =SUMIFS(Movimientos!$F$2:$F$500,Movimientos!$C$2:$C$500,"Gasto",Movimientos!$D$2:$D$500,$A6,Movimientos!$A$2:$A$500,9) | L6: =SUMIFS(Movimientos!$F$2:$F$500,Movimientos!$C$2:$C$500,"Gasto",Movimientos!$D$2:$D$500,$A6,Movimientos!$A$2:$A$500,10) | M6: =SUMIFS(Movimientos!$F$2:$F$500,Movimientos!$C$2:$C$500,"Gasto",Movimientos!$D$2:$D$500,$A6,Movimientos!$A$2:$A$500,11) | N6: =SUMIFS(Movimientos!$F$2:$F$500,Movimientos!$C$2:$C$500,"Gasto",Movimientos!$D$2:$D$500,$A6,Movimientos!$A$2:$A$500,12) | O6: =SUM(C6:N6) | P6: =B6*12 | Q6: =P6-O6
A7: Ocio | B7: 150 | C7: =SUMIFS(Movimientos!$F$2:$F$500,Movimientos!$C$2:$C$500,"Gasto",Movimientos!$D$2:$D$500,$A7,Movimientos!$A$2:$A$500,1) | D7: =SUMIFS(Movimientos!$F$2:$F$500,Movimientos!$C$2:$C$500,"Gasto",Movimientos!$D$2:$D$500,$A7,Movimientos!$A$2:$A$500,2) | E7: =SUMIFS(Movimientos!$F$2:$F$500,Movimientos!$C$2:$C$500,"Gasto",Movimientos!$D$2:$D$500,$A7,Movimientos!$A$2:$A$500,3) | F7: =SUMIFS(Movimientos!$F$2:$F$500,Movimientos!$C$2:$C$500,"Gasto",Movimientos!$D$2:$D$500,$A7,Movimientos!$A$2:$A$500,4) | G7: =SUMIFS(Movimientos!$F$2:$F$500,Movimientos!$C$2:$C$500,"Gasto",Movimientos!$D$2:$D$500,$A7,Movimientos!$A$2:$A$500,5) | H7: =SUMIFS(Movimientos!$F$2:$F$500,Movimientos!$C$2:$C$500,"Gasto",Movimientos!$D$2:$D$500,$A7,Movimientos!$A$2:$A$500,6) | I7: =SUMIFS(Movimientos!$F$2:$F$500,Movimientos!$C$2:$C$500,"Gasto",Movimientos!$D$2:$D$500,$A7,Movimientos!$A$2:$A$500,7) | J7: =SUMIFS(Movimientos!$F$2:$F$500,Movimientos!$C$2:$C$500,"Gasto",Movimientos!$D$2:$D$500,$A7,Movimientos!$A$2:$A$500,8) | K7: =SUMIFS(Movimientos!$F$2:$F$500,Movimientos!$C$2:$C$500,"Gasto",Movimientos!$D$2:$D$500,$A7,Movimientos!$A$2:$A$500,9) | L7: =SUMIFS(Movimientos!$F$2:$F$500,Movimientos!$C$2:$C$500,"Gasto",Movimientos!$D$2:$D$500,$A7,Movimientos!$A$2:$A$500,10) | M7: =SUMIFS(Movimientos!$F$2:$F$500,Movimientos!$C$2:$C$500,"Gasto",Movimientos!$D$2:$D$500,$A7,Movimientos!$A$2:$A$500,11) | N7: =SUMIFS(Movimientos!$F$2:$F$500,Movimientos!$C$2:$C$500,"Gasto",Movimientos!$D$2:$D$500,$A7,Movimientos!$A$2:$A$500,12) | O7: =SUM(C7:N7) | P7: =B7*12 | Q7: =P7-O7
A8: Ropa | B8: 60 | C8: =SUMIFS(Movimientos!$F$2:$F$500,Movimientos!$C$2:$C$500,"Gasto",Movimientos!$D$2:$D$500,$A8,Movimientos!$A$2:$A$500,1) | D8: =SUMIFS(Movimientos!$F$2:$F$500,Movimientos!$C$2:$C$500,"Gasto",Movimientos!$D$2:$D$500,$A8,Movimientos!$A$2:$A$500,2) | E8: =SUMIFS(Movimientos!$F$2:$F$500,Movimientos!$C$2:$C$500,"Gasto",Movimientos!$D$2:$D$500,$A8,Movimientos!$A$2:$A$500,3) | F8: =SUMIFS(Movimientos!$F$2:$F$500,Movimientos!$C$2:$C$500,"Gasto",Movimientos!$D$2:$D$500,$A8,Movimientos!$A$2:$A$500,4) | G8: =SUMIFS(Movimientos!$F$2:$F$500,Movimientos!$C$2:$C$500,"Gasto",Movimientos!$D$2:$D$500,$A8,Movimientos!$A$2:$A$500,5) | H8: =SUMIFS(Movimientos!$F$2:$F$500,Movimientos!$C$2:$C$500,"Gasto",Movimientos!$D$2:$D$500,$A8,Movimientos!$A$2:$A$500,6) | I8: =SUMIFS(Movimientos!$F$2:$F$500,Movimientos!$C$2:$C$500,"Gasto",Movimientos!$D$2:$D$500,$A8,Movimientos!$A$2:$A$500,7) | J8: =SUMIFS(Movimientos!$F$2:$F$500,Movimientos!$C$2:$C$500,"Gasto",Movimientos!$D$2:$D$500,$A8,Movimientos!$A$2:$A$500,8) | K8: =SUMIFS(Movimientos!$F$2:$F$500,Movimientos!$C$2:$C$500,"Gasto",Movimientos!$D$2:$D$500,$A8,Movimientos!$A$2:$A$500,9) | L8: =SUMIFS(Movimientos!$F$2:$F$500,Movimientos!$C$2:$C$500,"Gasto",Movimientos!$D$2:$D$500,$A8,Movimientos!$A$2:$A$500,10) | M8: =SUMIFS(Movimientos!$F$2:$F$500,Movimientos!$C$2:$C$500,"Gasto",Movimientos!$D$2:$D$500,$A8,Movimientos!$A$2:$A$500,11) | N8: =SUMIFS(Movimientos!$F$2:$F$500,Movimientos!$C$2:$C$500,"Gasto",Movimientos!$D$2:$D$500,$A8,Movimientos!$A$2:$A$500,12) | O8: =SUM(C8:N8) | P8: =B8*12 | Q8: =P8-O8
A9: Otros | B9: 50 | C9: =SUMIFS(Movimientos!$F$2:$F$500,Movimientos!$C$2:$C$500,"Gasto",Movimientos!$D$2:$D$500,$A9,Movimientos!$A$2:$A$500,1) | D9: =SUMIFS(Movimientos!$F$2:$F$500,Movimientos!$C$2:$C$500,"Gasto",Movimientos!$D$2:$D$500,$A9,Movimientos!$A$2:$A$500,2) | E9: =SUMIFS(Movimientos!$F$2:$F$500,Movimientos!$C$2:$C$500,"Gasto",Movimientos!$D$2:$D$500,$A9,Movimientos!$A$2:$A$500,3) | F9: =SUMIFS(Movimientos!$F$2:$F$500,Movimientos!$C$2:$C$500,"Gasto",Movimientos!$D$2:$D$500,$A9,Movimientos!$A$2:$A$500,4) | G9: =SUMIFS(Movimientos!$F$2:$F$500,Movimientos!$C$2:$C$500,"Gasto",Movimientos!$D$2:$D$500,$A9,Movimientos!$A$2:$A$500,5) | H9: =SUMIFS(Movimientos!$F$2:$F$500,Movimientos!$C$2:$C$500,"Gasto",Movimientos!$D$2:$D$500,$A9,Movimientos!$A$2:$A$500,6) | I9: =SUMIFS(Movimientos!$F$2:$F$500,Movimientos!$C$2:$C$500,"Gasto",Movimientos!$D$2:$D$500,$A9,Movimientos!$A$2:$A$500,7) | J9: =SUMIFS(Movimientos!$F$2:$F$500,Movimientos!$C$2:$C$500,"Gasto",Movimientos!$D$2:$D$500,$A9,Movimientos!$A$2:$A$500,8) | K9: =SUMIFS(Movimientos!$F$2:$F$500,Movimientos!$C$2:$C$500,"Gasto",Movimientos!$D$2:$D$500,$A9,Movimientos!$A$2:$A$500,9) | L9: =SUMIFS(Movimientos!$F$2:$F$500,Movimientos!$C$2:$C$500,"Gasto",Movimientos!$D$2:$D$500,$A9,Movimientos!$A$2:$A$500,10) | M9: =SUMIFS(Movimientos!$F$2:$F$500,Movimientos!$C$2:$C$500,"Gasto",Movimientos!$D$2:$D$500,$A9,Movimientos!$A$2:$A$500,11) | N9: =SUMIFS(Movimientos!$F$2:$F$500,Movimientos!$C$2:$C$500,"Gasto",Movimientos!$D$2:$D$500,$A9,Movimientos!$A$2:$A$500,12) | O9: =SUM(C9:N9) | P9: =B9*12 | Q9: =P9-O9
A10: Total gastos | B10: =SUM(B2:B9) | C10: =SUM(C2:C9) | D10: =SUM(D2:D9) | E10: =SUM(E2:E9) | F10: =SUM(F2:F9) | G10: =SUM(G2:G9) | H10: =SUM(H2:H9) | I10: =SUM(I2:I9) | ... Q10: =SUM(Q2:Q9)
A11: Ingresos | C11: =SUMIFS(Movimientos!$F$2:$F$500,Movimientos!$C$2:$C$500,"Ingreso",Movimientos!$A$2:$A$500,1) | D11: =SUMIFS(Movimientos!$F$2:$F$500,Movimientos!$C$2:$C$500,"Ingreso",Movimientos!$A$2:$A$500,2) | E11: =SUMIFS(Movimientos!$F$2:$F$500,Movimientos!$C$2:$C$500,"Ingreso",Movimientos!$A$2:$A$500,3) | F11: =SUMIFS(Movimientos!$F$2:$F$500,Movimientos!$C$2:$C$500,"Ingreso",Movimientos!$A$2:$A$500,4) | G11: =SUMIFS(Movimientos!$F$2:$F$500,Movimientos!$C$2:$C$500,"Ingreso",Movimientos!$A$2:$A$500,5) | H11: =SUMIFS(Movimientos!$F$2:$F$500,Movimientos!$C$2:$C$500,"Ingreso",Movimientos!$A$2:$A$500,6) | I11: =SUMIFS(Movimientos!$F$2:$F$500,Movimientos!$C$2:$C$500,"Ingreso",Movimientos!$A$2:$A$500,7) | J11: =SUMIFS(Movimientos!$F$2:$F$500,Movimientos!$C$2:$C$500,"Ingreso",Movimientos!$A$2:$A$500,8) | K11: =SUMIFS(Movimientos!$F$2:$F$500,Movimientos!$C$2:$C$500,"Ingreso",Movimientos!$A$2:$A$500,9) | L11: =SUMIFS(Movimientos!$F$2:$F$500,Movimientos!$C$2:$C$500,"Ingreso",Movimientos!$A$2:$A$500,10) | M11: =SUMIFS(Movimientos!$F$2:$F$500,Movimientos!$C$2:$C$500,"Ingreso",Movimientos!$A$2:$A$500,11) | N11: =SUMIFS(Movimientos!$F$2:$F$500,Movimientos!$C$2:$C$500,"Ingreso",Movimientos!$A$2:$A$500,12) | O11: =SUM(C11:N11)
A12: Ahorro (ingresos - gastos) | C12: =C11-C10 | D12: =D11-D10 | E12: =E11-E10 | F12: =F11-F10 | G12: =G11-G10 | H12: =H11-H10 | I12: =I11-I10 | J12: =J11-J10 | ... O12: =O11-O10
